 Dungeon Crawl Stone Soup version 0.25-a0-719-gde951dce62 (webtiles) character file.

Game seed: 17526894708842049085, levelgen mode: deterministic

21046 kae the Grappler (level 12, -5/103 HPs)
             Began as a Green Draconian Transmuter on Apr 6, 2020.
             Was a Believer of Uskayaw.
             Slain by a minotaur
             ... wielding the cursed +1 flail of the Wraith {vorpal, rF+ Stlth+}
              (20 damage)
             ... in a Gauntlet.
             The game lasted 00:19:17 (18232 turns).

kae the Grappler (Green Draconian Transmuter)      Turns: 18232, Time: 00:19:17

Health: -5/103     AC: 15    Str: 20    XL:     12   Next: 50%
Magic:  18/25      EV: 12    Int: 17    God:    Uskayaw [**....]
Gold:   695        SH:  0    Dex: 13    Spells: 14/29 levels left

rFire    . . .     SeeInvis +     - Unarmed
rCold    . . .     Gourm    +   (shield currently unavailable)
rNeg     . . .     Faith    .   (armour unavailable)
rPois    +         Spirit   .   q - +1 hat
rElec    .         Reflect  .   K - +2 cloak {+Inv}
rCorr    .         Harm     .   (gloves currently unavailable)
MR       .....     Clarity  +   x - +2 pair of boots {run} Stlth +.........NoTele +
                                e - amulet of the gourmand
HPRegen  0.27/turn              d - ring of see invisible
MPRegen  0.19/turn              v - +5 ring of strength

@: blade hands, very slightly contaminated, quick
A: breathe noxious fumes, unfitting armour, clarity, clever 1, sense
surroundings 1, poison resistance, cold-blooded, AC +8
a: Breathe Noxious Fumes, End Transformation, Stomp, Line Pass, Renounce
Religion, Evoke Invisibility


You were in a Gauntlet.
You worshipped Uskayaw.
Uskayaw was noncommittal.
You were completely stuffed.
You had blades for hands.
You visited 3 branches of the dungeon, and saw 15 of its levels.
You also visited: Gauntlet.

You collected 863 gold pieces.
You spent 168 gold pieces at shops.

Inventory:

Hand Weapons
 k - a +2 whip of flaming
Missiles
 a - 89 arrows
Armour
 q - a +1 hat (worn)
 x - a +2 pair of boots of running (worn)
 I - +0 steam dragon scales
 K - a +2 cloak of invisibility (worn)
Jewellery
 d - a ring of see invisible (left scythe-like blade)
 e - an amulet of the gourmand (around neck)
 m - an uncursed ring of wizardry
 v - a +5 ring of strength (right scythe-like blade)
 y - an uncursed ring of fire
 E - a +5 ring of dexterity
 L - the amulet "Cyisar Cedo" {RegenMP Dex+3}
   (You found it in a Gauntlet)

   [amulet of magic regeneration]

   It increases your magic regeneration.
   It affects your dexterity (+3).
Wands
 j - a wand of flame (21)
 l - a wand of random effects (29)
 o - a wand of acid (24)
 t - a wand of polymorph (26)
 C - a wand of enslavement (9)
Scrolls
 f - 2 scrolls of teleportation
 g - 5 scrolls of amnesia
 h - 14 scrolls of remove curse
 u - 4 scrolls of identify
 w - 2 scrolls of brand weapon
 z - 4 scrolls of fear
 F - a scroll of fog
 J - a scroll of magic mapping
Potions
 b - 8 potions of curing
 i - 6 potions of mutation
 n - a potion of haste
 r - 4 potions of flight
 s - 12 potions of degeneration
 A - a potion of lignification
 B - a potion of resistance
 D - a potion of invisibility
 G - a potion of stabbing
Comestibles
 c - 37 rations


   Skills:
 + Level 8.4 Fighting
 - Level 1.7 Dodging
 - Level 14.0 Unarmed Combat
 - Level 9.0 Spellcasting
 - Level 10.1 Transmutations
 + Level 0.0 Invocations
 + Level 0.0 Evocations


You had 14 spell levels left.
You knew the following spells:

 Your Spells              Type           Power        Failure   Level  Hunger
a - Beastly Appendage     Tmut           #####.       8%          1    None
b - Sticks to Snakes      Tmut           #####...     9%          2    None
c - Spider Form           Tmut/Pois      ###.......   28%         3    None
d - Ice Form              Ice/Tmut       ###.....     50%         4    ###....
e - Blade Hands           Tmut           #####.....   30%         5    #####..

Your spell library contained the following spells:

 Spells                   Type           Power        Failure   Level  Hunger
 Corona                   Hex            #......      45%         1    None
 Freeze                   Ice            #...         45%         1    None
 Magic Dart               Conj           #...         45%         1    None
 Summon Butterflies       Summ           #.......     45%         1    None
 Petrify                  Tmut/Erth      ###.....     50%         4    ###....
 Ensorcelled Hibernation  Hex/Ice        #.....       54%         2    None
 Slow                     Hex            #.......     54%         2    None
 Call Canine Familiar     Summ           #.......     71%         3    None
 Confusing Touch          Hex            #.......     71%         3    None
 Dazzling Flash           Conj/Hex       #.....       71%         3    None
 Frozen Ramparts          Ice            #.....       71%         3    None
 Gell's Gravitas          Tloc           #.........   71%         3    None
 Inner Flame              Hex/Fire       #.......     71%         3    None
 Ozocubu's Armour         Chrm/Ice       #.......     71%         3    None
 Portal Projectile        Hex/Tloc       #.....       71%         3    None
 Tukima's Dance           Hex            #.......     71%         3    None
 Yara's Violent Unravell  Hex/Tmut       ###.......   75%         5    #####..
 Cause Fear               Hex            #.........   95%         4    ###....
 Hailstorm                Conj/Ice       #.......     95%         4    ###....
 Leda's Liquefaction      Hex/Erth       #.........   95%         4    ###....
 Summon Ice Beast         Ice/Summ       #.......     95%         4    ###....
 Metabolic Englaciation   Hex/Ice        #.........   99%         5    #####..
 Summon Mana Viper        Hex/Summ       #.......     99%         5    #####..
 Summon Hydra             Summ           #.........   100%        7    #######


Dungeon Overview and Level Annotations

Branches:
Dungeon (10/15)            Temple (1/1) D:4            Lair (4/6) D:10
  Swamp (0/4) Lair:2       Spider (0/4) Lair:2          Orc (0/2) D:10
Gauntlet (1/1)

Altars:
Ashenzari
Cheibriados
Dithmenos
Elyvilon
Fedhas
Gozag
Hepliaklqana
Kikubaaqudgha
Makhleb
Nemelex Xobeh
Okawaru
Qazlal
Ru
Sif Muna
Trog
Uskayaw
Vehumet
Wu Jian
Xom
Yredelemnul
Zin
The Shining One

Shops:
D:5 *   D:6 =

Annotations:
Gauntlet 12 transporters, 16 runed translucent doors


Innate Abilities, Weirdness & Mutations

You can breathe blasts of noxious fumes.
Your lurid green scales are hard. (AC +8)
You cannot fit into any form of body armour.
Your system is resistant to poisons. (rPois)
You are cold-blooded and may be slowed by cold attacks.
You possess an exceptional clarity of mind.
Your mind is acute. (Int +2)
You passively map a small area around you.


Message History

The minotaur hits you with the cursed +1 flail of the Wraith {vorpal, rF+ Stlth+}!!
* * * LOW HITPOINT WARNING * * *
x2 The minotaur gores you but does no damage.
You feel much better.
The minotaur hits you with the cursed +1 flail of the Wraith {vorpal, rF+ Stlth+}!!
* * * LOW HITPOINT WARNING * * *
x2 The minotaur gores you but does no damage.
The minotaur blocks your attack.
The minotaur is almost dead.
The minotaur blocks your attack.
The minotaur is almost dead.
The minotaur misses you.
The minotaur gores you but does no damage.
The minotaur blocks your attack.
Your tail-slap misses the minotaur.
The minotaur is almost dead.
You barely miss the minotaur.
You tail-slap the minotaur, but do no damage.
The minotaur is almost dead.
The minotaur hits you with the cursed +1 flail of the Wraith {vorpal, rF+ Stlth+}!!
You die...

#8∩8# #[.[# #8.8# #[.)#*## *
#8.8#.8### ,, ,#...#....# ,#
,#8H8#..#.# #.#..##@##..#.#
#......(......# #.#.##.#.##.#.#
#.#....#....#.#
###.#.#######.#.###
#≈..............§§# ###
####8..©.©.©.©.©.©..8#### ### #8#
#8##≈...............≈##8# #8#
#################################


You could see a minotaur.

Vanquished Creatures
  Harold (D:9)
  A catoblepas (Lair:2)
  2 two-headed ogres (D:9)
  A tengu warrior (D:10)
  Sonja (Lair:1)
  2 unseen horrors (D:10)
  An orange crystal statue (Gauntlet)
  2 black mambas
  A torpor snail (Gauntlet)
  2 spiny frogs (Lair:2)
  2 komodo dragons (Lair:1)
  A jumping spider (Lair:2)
  A troll (D:10)
  3 blink frogs (Lair:4)
  6 dream sheep (Lair:4)
  A raiju (Gauntlet)
  3 hippogriffs
  A redback (Lair:2)
  A wyvern (D:8)
  18 yaks
  A shadow (D:10)
  2 steam dragons (Gauntlet)
  2 basilisks
  4 water moccasins
  A swamp drake (D:10)
  6 porcupines
  An ice beast (D:5)
  3 sky beasts (D:8)
  5 orc warriors
  2 necrophages
  2 black bears (D:8)
  3 ogres
  3 phantoms
  A centaur (D:5)
  5 crocodiles
  4 big kobolds
  16 bullfrogs
  A water moccasin skeleton (D:5)
  6 scorpions
  5 killer bees
  5 howler monkeys
  5 wights (D:10)
  3 crimson imps
  A bullfrog zombie (D:6)
  7 hounds
  A centaur zombie (D:8)
  2 jellies
  3 bullfrog skeletons
  9 orc priests
  11 orc wizards
  2 centaur skeletons
  Jessica (D:3)
  2 iguanas
  Natasha (thrice) (D:3)
  9 worker ants
  A hound zombie (D:6)
  10 adders
  10 gnolls
  3 shadow imps
  2 oozes
  2 adder skeletons (D:6)
  A worm (D:2)
  A dart slug (D:2)
  6 leopard geckos
  42 orcs
  10 bats
  5 giant cockroaches
  7 hobgoblins
  8 jackals
  14 kobolds
  5 quokkas
  A ball python (D:2)
  7 frilled lizards
  8 goblins
  9 rats
340 creatures vanquished.

Vanquished Creatures (collateral kills)
  A worm (D:2)
1 creature vanquished.

Vanquished Creatures (others)
  A killer bee (D:10)
  An orc priest (D:10)
  An adder zombie (D:5)
  An orc (D:10)
  A bush (D:10)
  12 demonic plants (Gauntlet)
  8 fungi
  26 plants
51 creatures vanquished.

Grand Total: 392 creatures vanquished

Notes
Turn   | Place    | Note
-------+----------+-------------------------------------------
     0 | D:1      | kae the Draconian Transmuter began the quest for the Orb.
     0 | D:1      | Reached XP level 1. HP: 16/16 MP: 3/3
   302 | D:1      | Reached XP level 2. HP: 20/23 MP: 3/5
   898 | D:1      | Learned a level 2 spell: Sticks to Snakes
  1525 | D:2      | Reached XP level 3. HP: 20/28 MP: 3/6
  1530 | D:2      | Learned a level 3 spell: Spider Form
  2117 | D:2      | Reached skill level 4 in Unarmed Combat
  2390 | D:3      | Reached XP level 4. HP: 35/35 MP: 7/7
  2574 | D:3      | Noticed Natasha
  2583 | D:3      | Killed Natasha
  2656 | D:3      | Found a hazy altar of Hepliaklqana.
  2670 | D:3      | Noticed Natasha
  2680 | D:3      | Killed Natasha
  2680 | D:3      | Reached XP level 5. HP: 40/40 MP: 5/9
  2867 | D:3      | Noticed Natasha
  2875 | D:3      | Killed Natasha
  2875 | D:3      | Reached skill level 5 in Unarmed Combat
  3415 | D:3      | Noticed Jessica
  3420 | D:3      | Killed Jessica
  3420 | D:3      | Reached XP level 6. HP: 31/47 MP: 6/11
  3673 | D:4      | Found a staircase to the Ecumenical Temple.
  3693 | Temple   | Entered the Ecumenical Temple
  3840 | Temple   | Became a worshipper of Uskayaw the Reveler
  3861 | Temple   | Learned a level 4 spell: Ice Form
  3897 | D:4      | Reached * piety under Uskayaw
  3977 | D:4      | Reached ** piety under Uskayaw
  4240 | D:4      | Reached skill level 6 in Unarmed Combat
  4240 | D:4      | Your scales start taking on a lurid green colour.
  4240 | D:4      | Reached XP level 7. HP: 37/52 MP: 9/12
  4240 | D:4      | Gained mutation: Your system is resistant to poisons.
                  | (rPois) [Green Draconian growth]
  5221 | D:5      | Entered Level 5 of the Dungeon
  5523 | D:5      | Found a basalt altar of Yredelemnul.
  5655 | D:5      | Reached skill level 7 in Unarmed Combat
  5724 | D:5      | Reached XP level 8. HP: 58/59 MP: 10/14
  5745 | D:5      | Learned a level 5 spell: Blade Hands
  5778 | D:5      | Found Wuvuih's Assorted Antiques.
  5784 | D:5      | Bought a pair of embroidered boots for 150 gold pieces
  5784 | D:5      | Bought a sedimented grey potion for 18 gold pieces
  5958 | D:5      | Found a glowing golden altar of the Shining One.
  6009 | D:5      | Noticed an angel
  6072 | D:5      | Reached skill level 5 in Transmutations
  6080 | D:5      | Reached *** piety under Uskayaw
  6082 | D:5      | Reached **** piety under Uskayaw
  6722 | D:6      | Reached skill level 5 in Spellcasting
  6730 | D:6      | Found Imydidik's Jewellery Shoppe.
  6739 | D:6      | Reached skill level 8 in Unarmed Combat
  7767 | D:7      | Found a shadowy altar of Dithmenos.
  7776 | D:7      | Reached XP level 9. HP: 50/63 MP: 17/17
  7806 | D:6      | HP: 2/63 [phantom (6)]
  8159 | D:6      | Reached skill level 9 in Unarmed Combat
  8440 | D:7      | Found a bloodstained altar of Trog.
  8598 | D:7      | Found an ornate altar of the Wu Jian Council.
  8960 | D:8      | Reached ***** piety under Uskayaw
  8964 | D:8      | Reached skill level 10 in Unarmed Combat
  8976 | D:8      | Gained mutation: You possess an exceptional clarity of
                  | mind. [potion of mutation]
  8976 | D:8      | Gained mutation: You passively map a small area around you.
                  | [potion of mutation]
  8976 | D:8      | Gained mutation: Your mind is acute. (Int +2) [potion of
                  | mutation]
  9001 | D:8      | Reached ****** piety under Uskayaw
  9397 | D:8      | Found an ancient bone altar of Kikubaaqudgha.
  9411 | D:8      | Found a shimmering blue altar of Sif Muna.
  9413 | D:8      | Found a radiant altar of Vehumet.
  9417 | D:8      | Identified Vehumet's Guide on Confrontation
  9858 | D:8      | Reached XP level 10. HP: 55/71 MP: 16/20
 10233 | D:9      | You fall into a shaft and drop 1 floor!
 10233 | D:10     | Entered Level 10 of the Dungeon
 10646 | D:10     | Noticed an unseen horror
 10675 | D:10     | Reached skill level 11 in Unarmed Combat
 10795 | D:10     | Found a staircase to the Lair.
 10899 | D:9      | Noticed a two-headed ogre
 11324 | D:9      | Noticed Harold
 11577 | D:9      | Killed Harold
 11996 | D:9      | Killed a two-headed ogre
 12029 | D:9      | Noticed a two-headed ogre
 12049 | D:9      | Killed a two-headed ogre
 12049 | D:9      | Reached skill level 12 in Unarmed Combat
 12550 | D:9      | Identified a +1 pair of boots of running (You bought it in
                  | a shop on level 5 of the Dungeon)
 12594 | D:10     | Killed an unseen horror
 12594 | D:10     | Reached XP level 11. HP: 35/77 MP: 17/23
 13084 | D:10     | Found a staircase to the Orcish Mines.
 13602 | D:10     | Noticed an unseen horror
 13611 | D:10     | Killed an unseen horror
 13642 | D:10     | Noticed a tengu warrior
 13661 | D:10     | Killed a tengu warrior
 13661 | D:10     | Reached skill level 13 in Unarmed Combat
 13940 | Lair:1   | Entered Level 1 of the Lair of Beasts
 13940 | Lair:1   | Noticed Sonja
 13946 | Lair:1   | Killed Sonja
 14204 | Lair:1   | Noticed an eight-headed hydra
 14842 | Lair:2   | Noticed a catoblepas
 14857 | Lair:2   | HP: 3/77 [catoblepas (24)]
 14858 | Lair:2   | Killed a catoblepas
 14858 | Lair:2   | Reached skill level 10 in Transmutations
 15481 | Lair:2   | Found a staircase to the Swamp.
 15499 | Lair:2   | Found a hole to the Spider Nest.
 15998 | Lair:3   | Reached skill level 14 in Unarmed Combat
 15998 | Lair:3   | Reached XP level 12. HP: 69/83 MP: 25/25
 17307 | Lair:4   | Reached skill level 5 in Fighting
 17344 | Lair:4   | Noticed an eight-headed hydra
 17401 | Lair:4   | Found a gate leading to a gauntlet.
 17413 | Gauntlet | Entered a Gauntlet
 17413 | Gauntlet | Found a transporter.
 17413 | Gauntlet | Found a large runed translucent door.
 17413 | Gauntlet | Found a large runed translucent door.
 17413 | Gauntlet | Found a large runed translucent door.
 17413 | Gauntlet | Found a large runed translucent door.
 17413 | Gauntlet | Found a runed translucent door.
 17413 | Gauntlet | Found a runed translucent door.
 17413 | Gauntlet | Found a large runed translucent door.
 17413 | Gauntlet | Found a large runed translucent door.
 17413 | Gauntlet | Found a large runed translucent door.
 17413 | Gauntlet | Found a large runed translucent door.
 17413 | Gauntlet | Found a large runed translucent door.
 17413 | Gauntlet | Found a large runed translucent door.
 17414 | Gauntlet | Found a large runed translucent door.
 17414 | Gauntlet | Found a large runed translucent door.
 17423 | Gauntlet | Found a transporter.
 17439 | Gauntlet | Found a transporter.
 17444 | Gauntlet | Found a transporter.
 17458 | Gauntlet | Noticed a ghost crab
 17461 | Gauntlet | Found a transporter.
 17478 | Gauntlet | Noticed a dire elephant
 17479 | Gauntlet | Found a transporter.
 17491 | Gauntlet | Found a transporter.
 17503 | Gauntlet | Found a transporter.
 17503 | Gauntlet | Noticed a catoblepas
 17515 | Gauntlet | Found a transporter.
 17526 | Gauntlet | Noticed a green death
 17527 | Gauntlet | Found a transporter.
 17544 | Gauntlet | Found a transporter.
 17562 | Gauntlet | Found a transporter.
 17564 | Gauntlet | Found a transporter.
 17582 | Gauntlet | Found a large runed translucent door.
 17583 | Gauntlet | Found a large runed translucent door.
 17587 | Gauntlet | Found a runed translucent gate.
 17587 | Gauntlet | Found a runed translucent gate.
 17587 | Gauntlet | Found a runed translucent gate.
 17589 | Gauntlet | Found a transporter.
 17591 | Gauntlet | Found a transporter.
 17597 | Gauntlet | Found a large runed translucent door.
 17598 | Gauntlet | Found a large runed translucent door.
 17610 | Gauntlet | Found the +7 lajatang of Order {silver, rMut}
 17611 | Gauntlet | Found a transporter.
 17689 | Gauntlet | Found a transporter.
 17709 | Gauntlet | Found a transporter.
 17886 | Gauntlet | Noticed a fire dragon
 18183 | Gauntlet | Got a twitching bone amulet
 18188 | Gauntlet | Identified the amulet "Cyisar Cedo" {RegenMP Dex+3} (You
                  | found it in a Gauntlet)
 18219 | Gauntlet | Identified the cursed +1 flail of the Wraith {vorpal, rF+
                  | Stlth+}
 18219 | Gauntlet | Noticed a minotaur
 18232 | Gauntlet | Slain by a minotaur

Levels and vault maps discovered:
D:1:      sevenhm_arrival_forest_fort_small_4, layout_loops_corners
D:2:      layout_loops_ring
D:3:      layout_basic, lemuel_round_altar, minmay_randomly_rotated_circles,
          uniq_jessica, uniq_natasha
D:4:      layout_gridville, minmay_temple_entry_ruins, first_ration,
          serial_glass, glass_columns_a, glass_columns_a, glass_columns_a,
          glass_columns_c, glass_columns_b, glass_columns_b, glass_columns_a,
          glass_columns_a
D:5:      layout_loops_ring, grunt_temple_overflow_holy_war, serial_shops, shop
D:6:      wad_guarded_room, layout_basic, serial_shops, nicolae_shop_crystal
D:7:      layout_basic, nicolae_dithmenos_shadow_blocks, kennysheep_mini,
          bloody_trog
D:8:      layout_rooms, grunt_temple_overflow_magic_moments, blue_anna_alchemist
          [blue_anna_fruit_fields, blue_anna_fruit_fields], grunt_tough_drop
D:9:      layout_basic, chequers_serial_rivers_micro_a, serial_bayou_pond_d,
          uniq_harold
D:10:     layout_basic, minmay_lair_entry_grove, erik_orc_1,
          minmay_fractal_squares_gapless_7
Temple:   dshaligram_water_room_temple
Lair:1:   layout_cave_shapes, lemuel_fruit_tree, uniq_sonja
Lair:2:   layout_roguey, swamp_mist, spider_nest_entry_funnel_web
Lair:3:   layout_cave_pods, chequers_serial_rivers_micro_e
Lair:4:   layout_gridlike, gauntlet_entry_generic
Gauntlet: gammafunk_gauntlet_one_two_three
          [minmay_gauntlet_arena_make_your_own_arena,
          gammafunk_gauntlet_arena_teeth, gammafunk_gauntlet_arena_split_x,
          nicolae_gauntlet_swirl, gammafunk_gauntlet_arena_hedges,
          nicolae_gauntlet_arena_quarters, gammafunk_gauntlet_arena_open,
          gammafunk_gauntlet_arena_crates,
          gammafunk_gauntlet_arena_arrow_garden,
          nicolae_gauntlet_exit_dead_adventurers]

Skill      XL: |  1  2  3  4  5  6  7  8  9 10 11 12 |
---------------+-------------------------------------+-----
Unarmed Combat | 4 5 6 7 8 10 12 14 | 14.0
Transmutations | 3 4 6 7 8 10 | 10.1
Spellcasting   | 3 4 5 6 8 9 |  9.0
Fighting       | 8 |  8.4
Dodging        | |  1.7

Action                   |  1- 3 |  4- 6 |  7- 9 | 10-12 || total
-------------------------+-------+-------+-------+-------++-------
Melee: Unarmed           |    95 |    52 |   157 |   345 ||   649
       Tailslap          |    21 |    11 |    36 |    36 ||   104
       Kick              |    10 |     1 |       |     5 ||    16
       Headbutt          |     4 |     2 |     8 |     6 ||    20
       Punch             |     2 |     3 |     7 |    27 ||    39
       Whip              |    79 |    82 |   218 |    68 ||   447
 Cast: Beastly Appendage |    18 |     4 |     6 |    11 ||    39
       Sticks to Snakes  |     1 |       |       |       ||     1
       Spider Form       |       |    10 |    23 |     3 ||    36
       Ice Form          |       |     2 |     1 |     5 ||     8
       Blade Hands       |       |       |       |    25 ||    25
 Abil: Breathe Noxious F |       |       |     3 |    19 ||    22
       End Transformatio |       |       |       |     2 ||     2
       Evoke Invisibilit |       |       |       |     1 ||     1
  Use: Scroll            |     5 |     1 |    10 |    15 ||    31
       Potion            |       |       |     7 |     3 ||    10
 Stab: Sleeping          |     1 |     1 |     1 |       ||     3
       Distracted        |     1 |       |       |       ||     1
       Paralysed         |       |       |    12 |    23 ||    35
       Confused          |       |       |     3 |     5 ||     8
  Eat: Chunk             |     5 |    19 |    19 |    40 ||    83
Armor: Skin              |    49 |    30 |   131 |   100 ||   310
Dodge: Dodged            |   123 |   100 |   245 |   187 ||   655

Table legend:
 A = Non-vault XP
 B = Vault XP
 C = Vault XP percentage of total XP
 D = Non-vault monster count
 E = Vault monster count
 F = Vault count percentage of total count
                 A         B        C        D         E       F
            +---------+---------+-------+---------+---------+-------
      Total |   19196 |   10870 |  36.2 |     268 |      75 |  21.9
            +---------+---------+-------+---------+---------+-------
        D:1 |      29 |       0 |   0.0 |      18 |       0 |   0.0
        D:2 |      66 |       0 |   0.0 |      29 |       0 |   0.0
        D:3 |     226 |      91 |  28.7 |      22 |       8 |  26.7
        D:4 |     565 |       0 |   0.0 |      23 |       0 |   0.0
        D:5 |     598 |       0 |   0.0 |      12 |       0 |   0.0
        D:6 |     635 |     436 |  40.7 |      15 |      12 |  44.4
        D:7 |     764 |       0 |   0.0 |      24 |       0 |   0.0
        D:8 |    1833 |     511 |  21.8 |      29 |       6 |  17.1
        D:9 |    2586 |     960 |  27.1 |      24 |       1 |   4.0
       D:10 |    2879 |    4644 |  61.7 |      32 |      34 |  51.5
     Lair:1 |    1403 |     788 |  36.0 |       8 |       1 |  11.1
     Lair:2 |    2236 |     508 |  18.5 |       8 |       2 |  20.0
     Lair:3 |    2261 |       0 |   0.0 |      12 |       0 |   0.0
     Lair:4 |    3115 |       0 |   0.0 |      12 |       0 |   0.0
   Gauntlet |       0 |    2932 | 100.0 |       0 |      11 | 100.0
            +---------+---------+-------+---------+---------+-------
